 Dungeon Crawl Stone Soup version 0.27.1-2-g3b301248ec (webtiles) character file.

Game seed: 16682419625226956282

5887 Descartes the Grappler (level 10, -6/96 HPs)
             Began as a Troll Chaos Knight on Oct 5, 2021.
             Was a Plaything of Xom.
             Mangled by a sun demon (15 damage)
             ... summoned by Xom
             ... on level 10 of the Dungeon.
             The game lasted 00:20:13 (7072 turns).

Descartes the Grappler (Troll Chaos Knight)         Turns: 7072, Time: 00:20:14

Health: -6/96      AC:  9    Str: 21    XL:     10   Next: 52%
Magic:  8/9        EV: 14    Int: 10    God:    Xom [.*....]
Gold:   358        SH:  0    Dex:  9    Spells: 5/9 levels left

rFire    . . .     SeeInvis .     - Unarmed
rCold    . . .     Faith    +   (no shield)
rNeg     . . .     Spirit   .   a - +0 steam dragon scales
rPois    .         Reflect  .   (helmet restricted)
rElec    .         Harm     .   H - +1 cloak
rCorr    .         Rampage  .   (gloves unavailable)
Will     +....                  (boots unavailable)
Stlth    +.........             f - amulet of faith
HPRegen  1.26/turn              k - +4 ring of evasion
MPRegen  0.11/turn              F - ring of willpower

@: confused, wereblooded
A: large, unfitting armour, claws 3, regeneration 1, shaggy fur 1, tough skin 1,
talons 1, iridescent scales 1, large bone plates 1, deformed body, robust 1,
weak 1
a: Renounce Religion


You were on level 10 of the Dungeon.
You worshipped Xom.
You were a plaything of Xom.
You visited 2 branches of the dungeon, and saw 11 of its levels.
You also visited: Sewer.

You collected 687 gold pieces.
You spent 329 gold pieces at shops.

Inventory:

Hand Weapons
 l - a +4 whip of draining
 p - a +7 club
 t - a +0 shortbow of chaos
Missiles
 h - 116 arrows
 i - 283 stones (quivered)
 m - 5 boomerangs
 n - 68 sling bullets
 o - 60 poisoned darts
 q - 4 throwing nets
 s - 2 curare-tipped darts
 y - 15 bolts
Armour
 a - +0 steam dragon scales (worn)
 G - a +0 kite shield
 H - a +1 cloak (worn)
 R - the +3 robe "Xarehij" {rPois Str+6 Int+4 Slay-4}
   (You bought it in a shop on level 8 of the Dungeon)

   Str:       It affects your strength (+6).
   Int:       It affects your intelligence (+4).
   Slay:      It affects your accuracy & damage with ranged weapons and melee
   (-4).
   rPois:     It protects you from poison.
Jewellery
 f - an amulet of faith (around neck)
 k - a +4 ring of evasion (left claw)
 v - a +6 ring of dexterity
 F - a ring of willpower (right claw)
Wands
 r - a wand of flame (18)
 K - a wand of acid (8)
 L - a wand of paralysis (17)
 N - a wand of iceblast (15)
Scrolls
 b - 3 scrolls of vulnerability
 c - 2 scrolls of noise {unknown}
 d - 2 scrolls of silence
 g - 3 scrolls of enchant weapon
 u - 2 scrolls of amnesia {unknown}
 w - 10 scrolls of teleportation
 x - 3 scrolls of magic mapping
 A - 2 scrolls of fog {unknown}
 B - a scroll of blinking {unknown}
 C - a scroll of holy word {unknown}
 D - 2 scrolls of enchant armour {unknown}
 E - a scroll of immolation {unknown}
 J - 3 scrolls of acquirement {unknown}
 M - a scroll of brand weapon {unknown}
Potions
 e - a potion of resistance
 j - 2 potions of might
 z - 3 potions of flight
 I - 3 potions of haste


   Skills:
 - Level 2.4 Fighting
 + Level 5.7 Throwing
 + Level 2.4 Armour
 + Level 3.1 Dodging
 + Level 1.4 Shields
 + Level 9.4 Unarmed Combat
 + Level 4.0 Translocations
 + Level 4.1 Transmutations
 - Level 5.0 Evocations


You had 5 spell levels left.
You knew the following spells:

 Your Spells              Type           Power      Damage    Failure   Level
a - Wereblood             Tmut           8%         N/A       11%         2
b - Blink                 Tloc           N/A        N/A       11%         2

Your spell library contained the following spells:

 Spells                   Type           Power      Damage    Failure   Level
 Corpse Rot               Necr/Air       N/A        N/A       50%         2
 Poisonous Vapours        Pois/Air       0%         N/A       50%         2
 Sublimation of Blood     Necr           0%         N/A       50%         2
 Manifold Assault         Tloc           8%         N/A       89%         5
 Freezing Cloud           Conj/Ice/Air   0%         6-21      100%        5
 Storm Form               Tmut/Air       2%         N/A       100%        7
 Summon Hydra             Summ           0%         N/A       100%        7


Dungeon Overview and Level Annotations

Branches:
Dungeon (10/15)            Temple (1/1) D:5            Lair (0/6) D:10
  Sewer (visited)
    Orc: D:9-12

Altars:
Ashenzari
Elyvilon
Fedhas
Hepliaklqana
Kikubaaqudgha
Makhleb
Nemelex Xobeh
Okawaru
Qazlal
Ru
Sif Muna
Trog
Uskayaw
Vehumet
Wu Jian
Xom
Yredelemnul
Zin
The Shining One

Shops:
D:7 :   D:8 [*


Innate Abilities, Weirdness & Mutations

You are too large for most types of armour.
You have claws for hands.
Your natural rate of healing is unusually fast.
You are covered in fur. (AC +1)
You have tough skin. (AC +1)
You have sharp toenails.
You are partially covered in iridescent scales. (AC +2)
You are partially covered in large bone plates. (SH +4)
Armour fits poorly on your strangely shaped body.
You are robust. (+10% HP)
You are weak. (Str -2)


Message History

The sun demon is moderately wounded.
You block the sun demon's attack. The white imp hits you.
The white imp freezes you. The crimson imp hits you.
The iron imp closely misses you. The sun demon barely misses you.
You scratch the sun demon but do no damage.
You claw the sun demon, but do no damage.
You claw the sun demon!
The sun demon is heavily wounded.
The crimson imp summons a swarm of flies.
The crimson imp barely misses you. You block the ice devil's attack.
The two-headed ogre closely misses you. The two-headed ogre misses you.
The sun demon hits you!
You are engulfed in flames!
You block the sun demon's attack.
The crimson imp blinks!
Xom's power touches on your mind for a moment.
You are confused.
The quasit looks rather confused.
The white imp looks rather confused.
The two-headed ogre looks rather confused.
You are now a beloved toy of Xom.
The quasit bites the two-headed ogre but does no damage.
The quasit claws the two-headed ogre but does no damage. x2
You're too confused to move!
The sun demon hits you!
You are engulfed in flames!!
You're too confused to move!
The sun demon closely misses you.
Unknown command.
You bump into the rock wall. "Serve the mortal, my child!"
The quasit barely misses the sun demon. x3; The sun demon barely misses you.
The crimson imp hits your ufetubus.
You scratch the sun demon but do no damage.
The sun demon is heavily wounded.
You hear Xom's maniacal laughter.
The two-headed ogre's +0 giant club dances into the air!
You are now a plaything of Xom.
The quasit barely misses the sun demon.
The quasit claws the sun demon but does no damage. x2
The sun demon hits you!!
* * * LOW HITPOINT WARNING * * *
You are engulfed in flames!
You die...

#######......≈............#..####
... #......≈#########...#..####
....#......≈........#...#......
....#####≈≈≈..##....#####......
...........≈..##...............
#..........(.5##.....##...###..
#...........O5##....)##...# #..
#...........5.##.....##...###..
...........543@................
###############################


You could see a two-headed ogre (confused, ally target), a sun demon (summoned,
ally target), an ice devil (summoned), an iron imp (summoned), a quasit
(summoned, confused), a crimson imp (summoned), a friendly +0 giant club and a
friendly ufetubus (summoned).

Vanquished Creatures
  A queen bee (shapeshifter) (D:8)
  A hornet (D:6)
  Grinder (D:5)
  2 wyverns
  7 yaks (D:10)
  A steam dragon (D:7)
  Duvessa (D:5)
  An ice beast (D:6)
  4 black bears
  An orc warrior (D:9)
  2 sky beasts
  An ogre (D:4)
  2 necrophages
  2 centaurs
  A phantom (D:4)
  Blork the orc (D:5)
  3 kobold brigands
  A bullfrog (Sewer)
  A gnoll sergeant (D:9)
  Dowan (D:5)
  4 killer bees (D:9)
  2 wights (D:7)
  7 centaur zombies
  4 hounds
  A jelly (D:7)
  5 gnoll shamans
  4 bullfrog skeletons (D:4)
  2 orc priests
  A centaur skeleton (D:7)
  Jessica (D:3)
  Natasha (twice) (D:2)
  2 iguanas
  8 orc wizards
  The ghost of Descartes the Sneak, a weakling FeDe (D:4)
  40 gnolls
  10 adders
  A shadow imp (D:5)
  2 white imps
  3 worms
  3 dart slugs
  35 orcs
  15 ball pythons
  8 bats
  9 endoplasms
  7 giant cockroaches (Sewer)
  4 goblins
  7 hobgoblins
  3 jackals (D:8)
  10 kobolds
  18 quokkas
  15 frilled lizards
  3 rats
272 creatures vanquished.

Vanquished Creatures (collateral kills)
  An ogre (D:5)
  Natasha (D:2)
  A worm (D:3)
  A goblin (D:3)
  A kobold (D:2)
5 creatures vanquished.

Vanquished Creatures (others)
  3 wights (D:7)
3 creatures vanquished.

Grand Total: 280 creatures vanquished

Notes
Turn   | Place    | Note
-------+----------+-------------------------------------------
     0 | D:1      | Descartes the Troll Chaos Knight began the quest for the
                  | Orb.
     0 | D:1      | Reached XP level 1. HP: 22/22 MP: 0/0
    73 | D:1      | XOM: silly message
   151 | D:1      | XOM: silly message
   158 | D:1      | Reached XP level 2. HP: 29/29 MP: 1/1
   283 | D:1      | XOM: silly message
   303 | D:1      | Found a faded altar of an unknown god.
   304 | D:1      | XOM: silly message
   432 | D:1      | Reached skill level 4 in Unarmed Combat
   452 | D:1      | XOM: cloud trail
   472 | D:1      | XOM: god gift: 32 gold pieces
   522 | D:2      | Noticed Natasha
   527 | D:2      | Killed Natasha
   528 | D:2      | Reached XP level 3. HP: 30/36 MP: 2/2
   563 | D:2      | Found a glowing golden altar of the Shining One.
   613 | D:2      | XOM: 1-stop teleportation journey
   740 | D:2      | Noticed Natasha
   747 | D:2      | Killed Natasha
   748 | D:2      | Reached skill level 5 in Unarmed Combat
   748 | D:2      | Reached XP level 4. HP: 40/44 MP: 3/3
   830 | D:2      | Noticed Natasha
   830 | D:2      | XOM: summons friendly shadow imp
   837 | D:2      | Killed Natasha
   897 | D:2      | XOM: give mutations
   897 | D:2      | Gained mutation: You are partially covered in iridescent
                  | scales. (AC +2) [Xom's grace]
   897 | D:2      | Gained mutation: You have sharp toenails. [Xom's grace]
   897 | D:2      | Gained mutation: Your mind is acute. (Int +2) [Xom's grace]
   981 | D:3      | XOM: scenery: summon butterflies
  1017 | D:3      | Noticed Jessica
  1018 | D:3      | XOM: summons friendly quasit
  1021 | D:3      | Killed Jessica
  1042 | D:3      | Learned a level 2 spell: Wereblood
  1200 | D:3      | XOM: 9-stop teleportation journey
  1207 | D:3      | Reached XP level 5. HP: 44/50 MP: 4/4
  1253 | D:3      | XOM: polymorph orc -> ball python
  1411 | D:3      | XOM: god gift: +0 shortbow of chaos
  1485 | D:3      | Reached skill level 1 in Throwing
  1719 | D:4      | Noticed Descartes's ghost (weakling FeDe)
  1721 | D:4      | Found a transporter.
  1734 | D:4      | Reached skill level 6 in Unarmed Combat
  1736 | D:4      | Reached XP level 6. HP: 59/59 MP: 5/5
  1737 | D:4      | Killed Descartes's ghost
  1738 | D:4      | Reached skill level 1 in Evocations
  1741 | D:4      | Found a transporter.
  1966 | D:4      | XOM: polymorph goblin -> quokka
  1972 | D:4      | XOM: give mutation
  1972 | D:4      | Gained mutation: You sometimes lose the ability to read
                  | scrolls when taking damage. [Xom's mischief]
  1976 | D:4      | XOM: chaos cloud
  1991 | D:4      | XOM: enchant monster (bad)
  1998 | D:4      | XOM: enchant monster (bad)
  2018 | D:4      | XOM: 1-stop teleportation journey
  2062 | D:4      | XOM is BORED!
  2062 | D:4      | XOM: give mutations
  2062 | D:4      | Lost mutation: You sometimes lose the ability to read
                  | scrolls when taking damage. [Xom's mischief]
  2062 | D:4      | Gained mutation: Your body sometimes deteriorates upon
                  | taking damage. [Xom's mischief]
  2080 | D:4      | XOM: enchant monster (good)
  2085 | D:4      | XOM: cast spell 'Statue Form'
  2091 | D:4      | Reached XP level 7. HP: 66/66 MP: 6/6
  2113 | D:4      | Learned a level 2 spell: Blink
  2113 | D:4      | XOM: silly message
  2144 | D:4      | XOM: silly message
  2151 | D:4      | XOM: divination: detect items
  2212 | D:4      | XOM: silly message
  2534 | D:5      | Entered Level 5 of the Dungeon
  2534 | D:5      | Noticed Grinder
  2548 | D:4      | XOM: blink monster(s)
  2553 | D:4      | Reached skill level 7 in Unarmed Combat
  2567 | D:5      | XOM: summons friendly shadow imp
  2568 | D:5      | XOM: scenery: create altars
  2572 | D:5      | Paralysed by Grinder for 4 turns
  2577 | D:5      | XOM: silly message
  2579 | D:5      | Killed Grinder
  2580 | D:5      | Reached XP level 8. HP: 38/74 MP: 7/7
  2587 | D:5      | Found a glowing drain.
  2603 | Sewer    | Entered a sewer
  2664 | Sewer    | XOM: smoke on damage
  2825 | Sewer    | XOM: noise
  2833 | Sewer    | XOM: noise
  2877 | D:5      | Noticed Blork the orc
  2880 | D:5      | XOM: enchant monster (good)
  2885 | D:5      | XOM: smoke on damage
  2889 | D:5      | Killed Blork the orc
  2939 | D:5      | Noticed Dowan
  2940 | D:5      | Noticed Duvessa
  2952 | D:5      | Killed Duvessa
  2953 | D:5      | Reached skill level 1 in Translocations
  2953 | D:5      | Reached skill level 1 in Transmutations
  2954 | D:5      | Killed Dowan
  2970 | D:5      | XOM: god gift: flail {god gift}
  2980 | D:5      | XOM: 2-stop teleportation journey
  3035 | D:5      | Reached skill level 8 in Unarmed Combat
  3048 | D:5      | XOM: cast spell 'Summon Hydra'
  3057 | D:5      | XOM: divination: detect items
  3212 | D:5      | XOM: scenery: summon butterflies
  3245 | D:5      | XOM: polymorph butterfly -> killer bee
  3409 | D:5      | XOM: stat loss: -1 Str (21/22)
  3438 | D:5      | Found a staircase to the Ecumenical Temple.
  3506 | D:5      | XOM: summons 4 hostile demons
  3584 | D:5      | Found a glowing golden altar of the Shining One.
  3584 | D:5      | Found a white marble altar of Elyvilon.
  3584 | D:5      | Found a glowing silver altar of Zin.
  3716 | Temple   | Entered the Ecumenical Temple
  3962 | D:6      | XOM: god gift: trident {god gift}
  4040 | D:6      | Reached skill level 5 in Throwing
  4048 | D:6      | Reached XP level 9. HP: 80/80 MP: 8/8
  4077 | D:6      | XOM is BORED!
  4077 | D:6      | XOM: noise
  4414 | D:6      | XOM: cast spell 'Summon Ice Beast'
  4420 | D:6      | XOM: enchant monster (good)
  4443 | D:6      | Paralysed by a hornet for 1 turns
  4451 | D:6      | Paralysed by a hornet for 2 turns
  4690 | D:6      | XOM: god gift: 46 gold pieces
  4707 | D:7      | XOM: stealth player
  4757 | D:7      | XOM: confuse monster(s)
  4779 | D:7      | XOM: give mutation
  4779 | D:7      | Gained mutation: You are weak. (Str -2) [Xom's mischief]
  4952 | D:7      | XOM: divine lightning
  5208 | D:7      | XOM: god gift: 11 gold pieces
  5303 | D:7      | XOM: give mutations
  5303 | D:7      | Gained mutation: You are robust. (+10% HP) [Xom's grace]
  5303 | D:7      | Gained mutation: You are partially covered in large bone
                  | plates. (SH +4) [Xom's grace]
  5312 | D:7      | XOM: torment (45/88 hp)
  5329 | D:7      | XOM: cloud trail
  5362 | D:7      | Found Roixka's Book Shoppe.
  5543 | D:8      | Found Fiwyi's Assorted Antiques.
  5574 | D:8      | XOM: polymorph gnoll sergeant -> shapeshifter
  5585 | D:8      | Noticed a queen bee
  5585 | D:8      | a golden eye changed into a queen bee
  5588 | D:8      | XOM: summons 9 friendly demons
  5598 | D:8      | Killed a queen bee
  5599 | D:8      | Reached skill level 9 in Unarmed Combat
  5627 | D:8      | XOM: confuse monster(s)
  5731 | D:8      | Reached skill level 1 in Armour
  5742 | D:8      | XOM: polymorph jackal -> rat
  5850 | D:8      | XOM: 3-stop teleportation journey
  5866 | D:8      | XOM: stat loss: -1 Dex (8/9)
  5872 | D:8      | Bought a scroll of teleportation for 57 gold pieces
  5886 | D:8      | XOM: confusion
  5892 | D:8      | XOM: cleaving
  5893 | D:8      | XOM: cleaving
  5895 | D:8      | XOM: blink monster(s)
  5902 | D:8      | Reached XP level 10. HP: 84/96 MP: 9/9
  5930 | D:8      | Found Cogiuff's Antique Armour Shop.
  5934 | D:8      | Bought a fabulously ornate robe for 136 gold pieces
  5934 | D:8      | Identified the +0 robe "Faqedir" {Int-2 Dex+7} (You bought
                  | it in a shop on level 8 of the Dungeon)
  5934 | D:8      | Bought a silken robe for 136 gold pieces
  5934 | D:8      | Identified the +3 robe "Xarehij" {rPois Str+6 Int+4 Slay-4}
                  | (You bought it in a shop on level 8 of the Dungeon)
  5943 | D:8      | XOM: noise
  6010 | D:8      | Lost mutation: Your mind is acute. (Int +2) [potion of
                  | mutation]
  6010 | D:8      | Lost mutation: Your body sometimes deteriorates upon taking
                  | damage. [potion of mutation]
  6010 | D:8      | Lost mutation: You are weak. (Str -2) [potion of mutation]
  6175 | D:8      | XOM: chaos upgrade
  6247 | D:9      | Reached skill level 5 in Evocations
  6565 | D:9      | XOM: 3-stop teleportation journey
  6576 | D:9      | XOM: give mutations
  6576 | D:9      | Gained mutation: Your body sometimes deteriorates upon
                  | taking damage. [Xom's mischief]
  6576 | D:9      | Gained mutation: Armour fits poorly on your strangely
                  | shaped body. [Xom's mischief]
  6576 | D:9      | Gained mutation: You are weak. (Str -2) [Xom's mischief]
  6576 | D:9      | Lost mutation: Your body sometimes deteriorates upon taking
                  | damage. [Xom's mischief]
  6840 | D:10     | Entered Level 10 of the Dungeon
  6860 | D:10     | XOM: enchant monster (good)
  6863 | D:10     | XOM: enchant monster (good)
  6871 | D:10     | XOM: confusion (+ monsters)
  6878 | D:10     | XOM: confusion (+ monsters)
  6881 | D:10     | Reached skill level 1 in Shields
  6910 | D:10     | Found a staircase to the Lair.
  7004 | D:10     | XOM: torment (49/96 hp)
  7055 | D:10     | Noticed a two-headed ogre
  7057 | D:10     | XOM: summons 6 hostile demons
  7058 | D:10     | Noticed a sun demon
  7068 | D:10     | XOM: confusion (+ monsters)
  7071 | D:10     | XOM: summons friendly ufetubus
  7072 | D:10     | Mangled by a sun demon

Illustrated notes

Levels and vault maps discovered:
D:1:      dpeg_arrival_erosion, layout_rooms, ebering_ecumenical_altar_hall,
          amethyst_killhole, minmay_tromino_v4_b
D:2:      layout_rooms, basic_altar, dk_noncrumbling_3, uniq_natasha
D:3:      layout_basic, minmay_close_crescents, uniq_jessica
D:4:      layout_basic, gammafunk_ghost_mausoleum, kennysheep_generic_room_8
D:5:      layout_loops_cross, good_gods_mini_temple, minmay_temple_entry_trees,
          cheibrodos_sewer_entry_bend, chequers_avenue, uniq_grinder,
          uniq_blork_the_orc, uniq_duvessa
D:6:      layout_loops_ring, kennysheep_nub
D:7:      layout_basic, serial_shops, kennysheep_mini
D:8:      layout_cave_pools, serial_gnoll_camp, gnoll_camp_mini_doghouse,
          gnoll_camp_mini_shop, gnoll_camp_mini_hut, gnoll_camp_mini_shop,
          gnoll_camp_mini_hut, kennysheep_generic_room_15
D:9:      layout_basic, uniq_grum
D:10:     layout_stronghold, minitemple, david_lair_generic, serial_rivers,
          chequers_serial_rivers_micro_e, chequers_serial_rivers_room_a,
          chequers_serial_rivers_room_a, chequers_serial_rivers_micro_c,
          chequers_serial_rivers_micro_e
Temple:   eino_temple_scatter_basement

Skill      XL: |  1  2  3  4  5  6  7  8  9 10 |
---------------+-------------------------------+-----
Unarmed Combat | 4 5 6 7 8 9 |  9.4
Throwing       | 1 2 4 5 |  5.7
Evocations     | 2 3 4 5 |  5.0
Translocations | 2 3 4 |  4.0
Transmutations | 2 3 4 |  4.1
Dodging        | 2 3 |  3.1
Armour         | 1 2 |  2.4
Shields        | 1 |  1.4
Fighting       | |  2.4

Action                   |  1- 3 |  4- 6 |  7- 9 | 10-12 || total
-------------------------+-------+-------+-------+-------++-------
Melee: Unarmed           |    63 |   125 |   446 |   168 ||   802
       Punch             |     3 |     3 |    14 |     8 ||    28
       Kick              |       |    27 |    80 |    37 ||   144
 Cast: Wereblood         |       |       |       |     1 ||     1
  Use: Scroll            |       |     4 |     5 |     2 ||    11
       Potion            |       |       |     4 |     1 ||     5
 Stab: Sleeping          |       |     1 |     1 |       ||     2
       Confused          |       |       |     3 |       ||     3
Armor: Robe              |    35 |    33 |    86 |       ||   154
       Skin              |       |     6 |     2 |       ||     8
       Steam dragon scal |       |       |   102 |    58 ||   160
Dodge: Dodged            |    32 |   106 |   353 |   127 ||   618
Block: Other             |       |       |    20 |    37 ||    57
